 Dungeon Sprint DCSS version 0.19.0-9-gfd783f2 (webtiles) character file.

297 LORDOFBUTT the Covert (level 6, -4/28 HPs)
             Began as a Spriggan Enchanter on Nov 7, 2016.
             Was an Initiate of Gozag.
             Slain by a manticore (19 damage)
             ... in the Dungeon (Sprint IX: "|||||||||||||||||||||||||||||").
             The game lasted 00:02:21 (451 turns).

LORDOFBUTT the Covert (Spriggan Enchanter)           Turns: 451, Time: 00:02:22

Health: -4/28      AC:  3    Str:  4    XL:     6   Next: 12%
Magic:  16/18      EV: 21    Int: 16    God:    Gozag
Gold:   243        SH:  0    Dex: 22    Spells: 3 memorised, 15 levels left

rFire  . . .     SeeInvis +     o - +2 rapier (distort)
rCold  . . .     Gourm    .     b - +1 robe
rNeg   . . .     Faith    .     (shield restricted)
rPois  .         Spirit   .     (helmet restricted)
rElec  .         Reflect  .     (no cloak)
rCorr  .         Harm     .     (gloves unavailable)
MR     +....     NoTele   +     (boots unavailable)
Stlth  ++++++....               (no amulet)
                                q - +3 ring of dexterity
                                p - +2 ring of evasion

@: gold aura, very quick
A: unfitting armour, see invisible, herbivore 3, speed 3, slow metabolism 2
a: Potion Petition, Call Merchant, Bribe Branch, Renounce Religion


You were in the Dungeon.
You worshipped Gozag.
Gozag was aware of your devotion.
You were not hungry.

You visited 1 branch You collected 243 gold pieces.

Inventory:

Hand Weapons
 a - a +1 dagger
 o - a +2 rapier of distortion (weapon)
Armour
 b - a +1 robe (worn)
Jewellery
 p - a +2 ring of evasion (left hand)
 q - a +3 ring of dexterity (right hand)
Wands
 n - a wand of iceblast (7/15)
Scrolls
 j - 2 scrolls of blinking
 l - 3 scrolls of remove curse
 m - 2 scrolls of amnesia
Potions
 e - 3 potions of curing
 f - 2 potions of heal wounds
 g - a potion of haste
 h - 4 potions of magic
 i - a potion of berserk rage
 k - a potion of invisibility
Books
 c - a book of Maledictions

   Spells                             Type                      Level
   a - Corona                         Hexes                        1
   b - Ensorcelled Hibernation        Hexes/Ice                    2
   c - Confuse                        Hexes                        3
   d - Tukima's Dance                 Hexes                        3
   e - Dazzling Spray                 Conjuration/Hexes            3
Comestibles
 d - a bread ration


   Skills:
 - Level 1.1 Short Blades
 - Level 3.0 Dodging
 * Level 14.1 Stealth
 + Level 8.2 Spellcasting
 + Level 8.4 Hexes


You had 15 spell levels left.
You knew the following spells:

 Your Spells              Type           Power        Failure   Level  Hunger
a - Corona                Hex            ####...      1%          1    None
b - Ensorcelled Hibernat  Hex/Ice        ###...       3%          2    None
c - Confuse               Hex            ####....     1%          3    #......


Dungeon Overview and Level Annotations

Branches:
Dungeon (1/1)

Altars:
Cheibriados
Dithmenos
Elyvilon
Fedhas
Gozag
Hepliaklqana
Kikubaaqudgha
Makhleb
Nemelex Xobeh
Okawaru
Qazlal
Ru
Sif Muna
Trog
Uskayaw
Vehumet
Xom
Yredelemnul
Zin
The Shining One
Beogh
Jiyva
Lugonu


Innate Abilities, Weirdness & Mutations

You are very small and have problems with some larger weapons.
You are too small for most types of armour.
You have supernaturally acute eyesight. (SInv)
You are a herbivore.
You cover ground extremely quickly.
You need consume almost no food.


Message History

You kill the mottled dragon!
Your Stealth skill gained 2 levels and is now at level 14!
Your Spellcasting skill increases to level 8!
Your Hexes skill increases to level 8!
You have reached level 6!
Your experience leads to an increase in your attributes!
Your base attributes are Str 4, Int 16, Dex 18.
Increase (S)trength, (I)ntelligence, or (D)exterity?
You feel agile.
You barely miss the manticore. The manticore closely misses you.
The manticore completely misses you. The manticore claws you!
The manticore bites you! The manticore completely misses you.
The manticore barely misses you.
Okay, then.
You feel much better. The manticore closely misses you. x2
The manticore claws you!
You completely miss the manticore. The manticore bites you!!
Ouch! That really hurt!
You die...
Your body crumbles into a pile of gold. ▓▓▓▓▓▓▓▓▓▓▓▓▓▓▓▓▓▓▓▓▓▓▓▓ ..|)[[[..').....@Hh.HTC+ ▓▓▓▓▓▓▓▓▓▓▓▓▓▓▓▓▓▓▓▓▓▓▓▓ $$$$ $ $ $ $$$$$

You could see a hill giant (sleeping), a manticore, a hippogriff (sleeping), a troll and a hound.

Vanquished Creatures
  A mottled dragon (D)
  A killer bee (D)
  A hound (D)
  A jelly (D)
  An iguana (D)
  A worker ant (D)
  An adder (D)
  2 orcs (D)
  A jackal (D)
  3 bats (D)
  A kobold (D)
  A quokka skeleton (D)
15 creatures vanquished.

Vanquished Creatures (others)
  An adder (D)
1 creature vanquished.

Grand Total: 16 creatures vanquished

Notes
Turn   | Place    | Note
-------+----------+-------------------------------------------
     0 | D        | LORDOFBUTT the Spriggan Enchanter began the quest for the Orb.
     0 | D        | Reached XP level 1. HP: 9/9 MP: 5/5
    17 | D        | Reached skill level 5 in Stealth
   142 | D        | Noticed a jelly
   142 | D        | Noticed a hound
   142 | D        | Noticed an iguana
   144 | D        | Killed a jelly
   144 | D        | Reached skill level 8 in Stealth
   144 | D        | Reached skill level 5 in Hexes
   144 | D        | Reached XP level 2. HP: 13/13 MP: 5/8
   144 | D        | Reached XP level 3. HP: 16/16 MP: 6/10
   150 | D        | Learned a level 2 spell: Ensorcelled Hibernation
   154 | D        | Learned a level 3 spell: Confuse
   156 | D        | Reached skill level 9 in Stealth
   156 | D        | Reached skill level 5 in Spellcasting
   158 | D        | Reached skill level 10 in Stealth
   158 | D        | Reached XP level 4. HP: 21/21 MP: 3/12
   271 | D        | Found a roughly hewn altar of Beogh.
   271 | D        | Found a snail-covered altar of Cheibriados.
   271 | D        | Found a shadowy altar of Dithmenos.
   271 | D        | Found a white marble altar of Elyvilon.
   271 | D        | Found a blossoming altar of Fedhas.
   271 | D        | Found an opulent altar of Gozag.
   272 | D        | Found a hazy altar of Hepliaklqana.
   273 | D        | Found a viscous altar of Jiyva.
   274 | D        | Found an ancient bone altar of Kikubaaqudgha.
   275 | D        | Found a corrupted altar of Lugonu.
   276 | D        | Found a burning altar of Makhleb.
   277 | D        | Found a sparkling altar of Nemelex Xobeh.
   278 | D        | Found an iron altar of Okawaru.
   279 | D        | Became a worshipper of Gozag Ym Sagoz the Greedy
   280 | D        | Found a stormy altar of Qazlal.
   281 | D        | Found a sacrificial altar of Ru.
   282 | D        | Found a deep blue altar of Sif Muna.
   283 | D        | Found a bloodstained altar of Trog.
   284 | D        | Found a hide-covered altar of Uskayaw.
   285 | D        | Found a radiant altar of Vehumet.
   286 | D        | Found a shimmering altar of Xom.
   287 | D        | Found a basalt altar of Yredelemnul.
   288 | D        | Found a glowing silver altar of Zin.
   289 | D        | Found a glowing golden altar of the Shining One.
   327 | D        | Reached skill level 11 in Stealth
   327 | D        | Reached XP level 5. HP: 17/24 MP: 9/15
   340 | D        | Reached skill level 12 in Stealth
   446 | D        | Noticed a mottled dragon
   446 | D        | Noticed a manticore
   446 | D        | Noticed a hippogriff
   446 | D        | Noticed a troll
   446 | D        | Noticed a hill giant
   448 | D        | Killed a mottled dragon
   448 | D        | Reached skill level 14 in Stealth
   448 | D        | Reached XP level 6. HP: 26/28 MP: 16/18
   451 | D        | Slain by a manticore

Skill      XL: |  1  2  3  4  5 |
---------------+----------------+-----
Stealth        | 8 10 11 14 | 14.1
Spellcasting   | 4 5 6 8 |  8.2
Hexes          | 5 6 7 8 |  8.4
Short Blades   | |  1.1
Dodging        | |  3.0

Action                   |  1- 3 |  4- 6 || total
-------------------------+-------+-------++-------
Melee: Dagger            |    29 |    17 ||    46
       Rapier            |       |    13 ||    13
 Cast: Ensorcelled Hiber |     2 |     8 ||    10
  Use: Potion            |       |     3 ||     3
 Stab: Sleeping          |     3 |     3 ||     6
Armor: Robe              |     7 |     1 ||     8
Dodge: Dodged            |    29 |    35 ||    64
